 Dungeon Crawl Stone Soup version 0.20-a0-1122-gb7cbeb9 (webtiles) character file.

79558 Gorglomux the Bludgeoner (level 16, -15/133 HPs)
             Began as a Formicid Warper on May 14, 2017.
             Was the Champion of Cheibriados.
             Killed from afar by Asterion (29 damage)
             ... with a bolt of fire
             ... on level 1 of the Elven Halls.
             The game lasted 01:00:33 (23991 turns).

Gorglomux the Bludgeoner (Formicid Warper)         Turns: 23991, Time: 01:00:34

Health: -15/133    AC: 41    Str: 31    XL:     16   Next: 11%
Magic:  18/33      EV:  9    Int: 38    God:    Cheibriados [******]
Gold:   668        SH:  6    Dex: 25    Spells: 15/25 levels left

rFire    . . .     SeeInvis +   M - +3 lajatang (vamp) {!w}
rCold    . . .     Gourm    .   Y - +0 buckler {AC+3}
rNeg     . . .     Faith    +   y - +8 orange crystal plate armour {Archmagi, Int+3 Clar}
rPois    +         Spirit   .   (helmet unavailable)
rElec    .         Reflect  .   J - +2 cloak
rCorr    .         Harm     .   l - +0 pair of gloves
MR       +....     Clarity  +   v - +0 pair of boots
Stlth    ..........             E - amulet of faith {Faith, !P}
Regen    0.4/turn               j - ring of magical power {MP+9}
MPRegen  0.3/turn               u - ring of Ehomecuud {rPois AC+3}

@: singing, drained, very slow
A: permanent stasis, dig shafts and tunnels, four strong arms, antennae 3
a: Dig, Shaft Self, Bend Time, Temporal Distortion, Slouch, Step From Time,
Renounce Religion


You were on level 1 of the Elven Halls.
You worshipped Cheibriados.
Cheibriados was exalted by your worship.
You were very hungry.

You visited 3 branches of the dungeon, and saw 18 of its levels.

You collected 1800 gold pieces.
You spent 1132 gold pieces at shops.

Inventory:

Hand Weapons
 a - a +0 morningstar
   (You took it off an orc on level 6 of the Dungeon)
 M - a +3 vampiric lajatang (weapon) {!w}
   (You took it off Agnes on level 15 of the Dungeon)
Missiles
 e - 4 tomahawks of dispersal {=f}
 o - 2 silver tomahawks
 F - 2 throwing nets {=f, !d}
 G - 6 poisoned tomahawks
 R - 9 tomahawks (quivered)
Armour
 l - a +0 pair of gloves (worn)
   (You found it on level 4 of the Dungeon)
 v - a +0 pair of boots (worn)
   (You found it on level 10 of the Dungeon)
 y - the +8 orange crystal plate armour (worn) {Archmagi, Int+3 Clar}
   (You found it on level 4 of the Dungeon)

   It affects your intelligence (+3).
   It protects you against confusion.
 J - a +2 cloak (worn)
   (You took it off Crazy Yiuf on level 7 of the Dungeon)
 Y - a +0 buckler of protection (worn)
   (You took it off a tengu warrior on level 15 of the Dungeon)
Jewellery
 j - a ring of magical power (left hand) {MP+9}
   (You found it on level 1 of the Dungeon)
 u - the ring of Ehomecuud (right hand) {rPois AC+3}
   (You found it on level 13 of the Dungeon)

   [ring of protection]

   It affects your AC (+3).
   It protects you from poison.
 E - an amulet of faith (around neck) {Faith, !P}
   (You found it on level 5 of the Dungeon)
Wands
 d - a wand of lightning (8/15)
   (You found it on level 3 of the Dungeon)
 s - a wand of confusion (40/48)
   (You found it on level 6 of the Dungeon)
 I - a wand of digging (21/24)
   (You took it off an orc wizard on level 6 of the Dungeon)
 Q - a wand of paralysis (7/24)
   (You found it on level 15 of the Dungeon)
 X - a wand of acid (4/15)
   (You found it on level 1 of the Elven Halls)
Scrolls
 b - a scroll of amnesia
 i - 2 scrolls of noise {!r}
 n - a scroll of enchant armour
 q - 6 scrolls of recharging
 r - 4 scrolls of remove curse
 w - 2 scrolls of fog
 C - 2 scrolls of immolation {!r}
 K - 2 scrolls of magic mapping {unknown}
 L - a scroll of torment {unknown}
 T - 2 scrolls of vulnerability {unknown}
Potions
 g - 2 potions of ambrosia
 h - 4 potions of heal wounds
 k - a potion of magic
 m - 6 potions of curing
 p - 2 potions of flight
 z - 3 potions of degeneration {!q}
 D - 7 potions of mutation {!q}
 H - a potion of haste
 N - a potion of brilliance {unknown}
 O - 2 potions of might
 P - a potion of lignification {!q}
Books
 c - a book of Spatial Translocations
 S - a book of Geomancy
   (You found it on level 9 of the Dungeon)
 V - a book of Battle
   (You bought it in a shop on level 2 of the Orcish Mines)
 W - a book of Transfigurations
   (You found it on level 11 of the Dungeon)
Miscellaneous
 B - 2 phantom mirrors
Comestibles
 f - 10 bread rations {@e1@e1}
 t - 6 meat rations {@e2@e2}
 x - a fruit
 A - a royal jelly
 U - 5 chunks of flesh {@w0@w0}


   Skills:
 + Level 14.0(13.2) Fighting
 - Level 15.0(14.6) Maces & Flails
 + Level 6.8(11.2) Staves
 - Level 1.0(0.4) Throwing
 + Level 12.2(11.5) Armour
 + Level 5.1(4.5) Dodging
 - Level 2.6(2.0) Shields
 - Level 5.3(4.7) Spellcasting
 - Level 4.6(3.9) Charms
 - Level 5.0(4.3) Translocations
 - Level 10.7(10.0) Invocations


You had 15 spell levels left.
You knew the following spells:

 Your Spells              Type           Power        Failure   Level  Hunger
a - Shroud of Golubria    Chrm/Tloc      ######....   21%         2    None
b - Teleport Other        Tloc           ######..     36%         3    None
r - Regeneration          Chrm/Necr      #####.....   69%         3    None
S - Song of Slaying       Chrm           ######..     22%         2    None


Dungeon Overview and Level Annotations

Branches:
Dungeon (15/15)            Temple (0/1) D:7            Lair (0/6) D:10
    Orc (2/2) D:10            Elf (1/3) Orc:2        Vaults (0/5) D:13
 Depths (0/5) D:15

Altars:
Ashenzari
Cheibriados
Elyvilon
Fedhas
Kikubaaqudgha
Okawaru
Qazlal
Trog
Uskayaw
Vehumet
Zin
Beogh

Shops:
D:6 =   D:9 *   D:12 [   Orc:2 !(:*

Annotations:
D:10 exclusion: downstairs
D:14 Roxanne
Elf:1 Asterion


Innate Abilities, Weirdness & Mutations

You cannot be hasted, slowed, berserked, paralysed or teleported.
You can dig through walls and to a lower floor.
Your four strong arms can wield two-handed weapons with a shield.
You have a pair of large antennae on your head. (SInv)


Message History

Found a stone staircase leading down.
You extend your mandibles.
You dig through the rock wall.
A deep elf mage comes into view. It is wielding a short sword.
The deep elf mage shouts!
You retract your mandibles.
The deep elf mage casts a spell at you. The bolt of fire hits you!
Aim: a deep elf mage, wielding a short sword and wearing a leather armour You throw a tomahawk.
The tomahawk barely misses the deep elf mage.
The deep elf mage casts a spell at you. The bolt of fire hits you!
You hear a shout!
You hear a bellow!
You take 4 damage, and have 129/133 hp.
Aim: a deep elf mage, wielding a short sword and wearing a leather armour You throw a tomahawk.
The tomahawk hits the deep elf mage but does no damage.
A deep elf mage comes into view. It is wielding a long sword.
You barely miss the deep elf mage.
Asterion the Fallen King comes into view.
He is wielding a vampiric demon trident.
The deep elf mage mumbles some strange words.
Asterion moves out of view.
Asterion opens the door.
The deep elf mage gestures wildly while chanting.
The deep elf mage blinks!
The fire elemental hits you. The fire elemental burns you!
The fire elemental barely misses you.
Asterion mumbles some strange prayers to Makhleb.
The deep elf mage points at you and mumbles some strange words.
The bolt of fire misses the fire elemental.
The bolt of fire hits you!
You take 23 damage, and have 108/133 hp.
You extend your mandibles.
You dig through the rock wall.
The fire elemental hits you. The fire elemental burns you!
Asterion prays to Makhleb.
Asterion seems to speed up.
The deep elf mage is engulfed in blazing flames.
The fire elemental closely misses you. The fire elemental hits you.
You take 10 damage, and have 98/133 hp.
You dig through the rock wall.
The fire elemental closely misses you.
You hear a grinding noise.
The fire elemental closely misses you.
You dig through the rock wall.
You feel a surge of power!
You start singing a song of slaying.
Asterion hits you with a vampiric demon trident!
Asterion draws strength from your wounds!
Asterion gores you but does no damage.
You take 7 damage, and have 93/133 hp.
You now have 31/33 mp.
Unknown command.
Okay, then.
You retract your mandibles.
Asterion blocks your attack.
Asterion hits you with a vampiric demon trident!
Asterion gores you but does no damage.
You take 14 damage, and have 79/133 hp.
You hit Asterion. Asterion hits you but does no damage. Asterion gores you!
You take 9 damage, and have 70/133 hp.
Asterion blocks your attack.
You hear a shout!
Asterion hits you but does no damage. Asterion gores you but does no damage.
Some rock shatters into small pieces.
You hit Asterion but do no damage. You block Asterion's attack.
Asterion barely misses you. The cacodemon gestures next to you.
Some rock shatters into small pieces.
You block Asterion's attack. Asterion gores you but does no damage.
You can feel time thicken for a moment.
You kill the deep elf mage!
Cheibriados thoroughly appreciates the change of pace.
You are feeling very hungry.
The fire elemental hits you. The fire elemental burns you!
Asterion hits you with a vampiric demon trident!
Asterion draws strength from your wounds!
Asterion gores you.
You take 17 damage, and have 53/133 hp.
You now have 27/33 mp.
Unknown command.
Unknown command.
You can feel time thicken for a moment.
You destroy the fire elemental! x2
You feel somewhat more hungry.
Asterion hits you with a vampiric demon trident!
Asterion draws strength from your wounds!
You block Asterion's attack. The cacodemon gestures at you.
The bolt of energy hits you!
* * * LOW HITPOINT WARNING * * *
You take 39 damage, and have 14/133 hp.
MASSIVE DAMAGE!!
You now have 22/33 mp.
Unknown command.
You can feel time thicken for a moment.
You kill the deep elf mage!
Cheibriados appreciates the change of pace.
You feel somewhat more hungry. Asterion hits you but does no damage.
Asterion gores you but does no damage. You block the cacodemon's attack.
The cacodemon hits you but does no damage.
Asterion conjures a destructive force in the name of Makhleb!
The bolt of fire hits you!
You die...

#..#.......'.
#..#.......#
#..#.....H.#
#..####..###...
#.>....§........
#....§§§........
####.)##########
#.2.H# #@## #.#
#.# #.# #.# ###


You could see Asterion and a cacodemon.

Vanquished Creatures
  Agnes (D:15)
  The ghost of NormalPerson7 the Peltast, a journeyman GrCj of Trog (D:12)
  An ettin (D:15)
  A great orb of eyes (D:13)
  Josephine (D:14)
  A fire dragon (D:15)
  6 vault guards (D:13)
  3 hydras
  A catoblepas (D:14)
  5 two-headed ogres
  The ghost of Monsterracer the Geomancer, a journeyman GrEE of Vehumet (D:9)
  3 centaur warriors
  A dancing weapon (Orc:2)
  A death knight (D:13)
  5 orc high priests (Orc:2)
  A tengu warrior (D:15)
  4 hell knights (D:13)
  13 skeletal warriors
  7 unseen horrors
  2 wizards (D:13)
  3 necromancers (D:13)
  7 orc knights
  13 ugly things
  6 orc sorcerers
  9 deep elf magi
  A wolf spider (D:15)
  3 manticores
  A cyclops (D:14)
  3 centaur zombies
  A black mamba (shapeshifter) (D:14)
  2 rust devils (D:13)
  3 gargoyles
  An orange demon (D:13)
  3 centaur skeletons
  An efreet (D:15)
  2 komodo dragons
  A kobold demonologist (D:15)
  A freezing wraith (D:13)
  5 trolls
  2 tengu conjurers
  A meliai zombie (D:12)
  6 hippogriffs
  A slime creature (D:15)
  2 wyverns
  A shadow (D:12)
  A spriggan (shapeshifter) (D:15)
  7 wraiths
  A human (D:9)
  4 yaks (D:11)
  2 basilisks
  A vampire (D:11)
  4 hogs (D:9)
  4 vampire mosquitoes
  Menkaure (D:7)
  5 hungry ghosts
  2 wargs (Orc:1)
  A water moccasin (D:5)
  7 hell hounds (D:13)
  2 acid dragons
  Duvessa (D:7)
  2 eyes of draining
  2 ice beasts
  6 sky beasts
  3 necrophages
  30 orc warriors
  2 black bears
  4 phantoms
  The ghost of Gorglomux the Cudgeler, an amateur FoWr (D:8)
  19 ogres
  11 centaurs
  2 crocodiles
  A big kobold (D:11)
  10 bullfrogs
  2 scorpions
  A wyvern skeleton (D:14)
  Dowan (D:7)
  13 killer bees
  3 wights (D:12)
  9 howler monkeys
  3 electric eels (D:10)
  12 crimson imps
  3 bullfrog zombies
  2 hounds
  7 jellies
  21 orc priests
  Crazy Yiuf (D:7)
  32 orc wizards
  3 bullfrog skeletons
  7 iguanas
  9 worker ants
  3 gnolls
  16 adders
  4 shadow imps
  An ooze (D:3)
  3 adder skeletons
  A worm (D:3)
  2 dart slugs
  4 leopard geckos
  96 orcs
  3 ball pythons
  7 giant cockroaches
  10 goblins
  7 hobgoblins
  6 jackals
  20 kobolds
  6 quokkas
  9 bats
  13 frilled lizards
  A giant cockroach zombie (D:5)
  A jackal skeleton (D:5)
  A leopard gecko skeleton (D:6)
  2 quokka skeletons
  8 rats
627 creatures vanquished.

Vanquished Creatures (others)
  An orc wizard (D:10)
  A rat (D:3)
2 creatures vanquished.

Grand Total: 629 creatures vanquished

Notes
Turn   | Place    | Note
-------+----------+-------------------------------------------
     0 | D:1      | Gorglomux the Formicid Warper began the quest for the Orb.
     0 | D:1      | Reached XP level 1. HP: 16/16 MP: 3/3
   106 | D:1      | Gorglomux: this one was too bullshit to be the last one
   241 | D:1      | Reached XP level 2. HP: 16/23 MP: 5/5
   334 | D:1      | PeterMcNeter: gotta end it on a good note
   474 | D:1      | Gorglomux: at least lair
   474 | D:1      | Gorglomux: i don't ask a lot
   619 | D:2      | Reached XP level 3. HP: 18/28 MP: 6/6
   656 | D:2      | Learned a level 2 spell: Shroud of Golubria
   807 | D:2      | Reached skill level 3 in Maces & Flails
   810 | D:2      | HP: 7/28 [poisoned by an adder]
  1019 | D:2      | Reached skill level 3 in Fighting
  1202 | D:2      | HP: 7/29 [quokka (2)]
  1204 | D:2      | HP: 1/29 [quokka (5)]
  1575 | D:2      | Reached XP level 4. HP: 20/35 MP: 7/7
  1859 | D:2      | Found a glowing silver altar of Zin.
  2139 | D:2      | Found a faded altar of an unknown god.
  2802 | D:3      | Found a snail-covered altar of Cheibriados.
  2806 | D:3      | Reached XP level 5. HP: 41/41 MP: 8/8
  2811 | D:3      | Became a worshipper of Cheibriados the Contemplative
  2870 | D:3      | Reached skill level 4 in Maces & Flails
  3827 | D:3      | Found a shattered altar of Ashenzari.
  3867 | D:3      | Reached * piety under Cheibriados
  4050 | D:3      | Reached skill level 4 in Fighting
  4050 | D:3      | Reached XP level 6. HP: 43/48 MP: 9/9
  4296 | D:3      | Reached skill level 5 in Maces & Flails
  4852 | D:4      | Noticed an ogre
  4864 | D:4      | Killed an ogre
  4864 | D:4      | Reached skill level 6 in Maces & Flails
  4864 | D:4      | Reached XP level 7. HP: 34/55 MP: 4/10
  5271 | D:5      | Entered Level 5 of the Dungeon
  5281 | D:5      | Reached ** piety under Cheibriados
  5360 | D:5      | Reached skill level 5 in Fighting
  5454 | D:5      | Found a hide-covered altar of Uskayaw.
  6208 | D:5      | HP: 13/54 [phantom (7)]
  6215 | D:5      | HP: 13/54 [phantom (1)]
  6218 | D:5      | Reached skill level 7 in Maces & Flails
  6218 | D:5      | Reached XP level 8. HP: 15/61 MP: 3/11
  6693 | D:6      | Reached skill level 6 in Fighting
  7084 | D:6      | Reached *** piety under Cheibriados
  7084 | D:6      | Reached skill level 8 in Maces & Flails
  7140 | D:6      | Got a bloodstained ring mail
  7555 | D:6      | Noticed a hippogriff
  7565 | D:6      | Killed a hippogriff
  7565 | D:6      | Reached XP level 9. HP: 55/69 MP: 12/12
  7566 | D:6      | Reached skill level 7 in Fighting
  7600 | D:6      | Reached skill level 9 in Maces & Flails
  7640 | D:6      | Found Eqekyec's Jewellery Shop.
  8174 | D:7      | Got a shadowed robe
  8244 | D:7      | Reached **** piety under Cheibriados
  8284 | D:7      | Gorglomux: uh
  8284 | D:7      | Gorglomux: ph
  8284 | D:7      | Gorglomux: oh
  8284 | D:7      | PeterMcNeter: not bad
  8284 | D:7      | Gorglomux: when you accidentaly notice you get the +8 orange cpa
  8294 | D:7      | Identified the +5 ring mail "Caqag" {rElec rPois rF+} (You found it on level 6 of the Dungeon)
  8294 | D:7      | Gorglomux: this ring mail tho
  8317 | D:7      | Found a radiant altar of Vehumet.
  8344 | D:7      | Reached skill level 1 in Invocations
  8491 | D:7      | Noticed Dowan
  8510 | D:7      | Killed Dowan
  8654 | D:7      | Found a runed door.
  8672 | D:7      | Noticed Duvessa
  8675 | D:7      | You fall through a shaft for 3 floors!
  8675 | D:10     | Entered Level 10 of the Dungeon
  8696 | D:8      | Reached skill level 2 in Armour
  8696 | D:8      | Reached skill level 2 in Invocations
  8704 | D:8      | Noticed Gorglomux's ghost (amateur FoWr)
  8724 | D:8      | Killed Gorglomux's ghost
  8775 | D:7      | Found an iron altar of Okawaru.
  8865 | D:7      | Reached skill level 10 in Maces & Flails
  8877 | D:7      | Noticed Menkaure
  8885 | D:7      | HP: 8/70 [Menkaure (17)]
  8886 | D:7      | Killed Menkaure
  8886 | D:7      | Reached skill level 3 in Armour
  9239 | D:7      | Noticed a hippogriff
  9263 | D:7      | Killed a hippogriff
  9263 | D:7      | Reached skill level 8 in Fighting
  9263 | D:7      | Reached skill level 3 in Invocations
  9263 | D:7      | Reached XP level 10. HP: 49/76 MP: 13/13
  9303 | D:7      | Found a staircase to the Ecumenical Temple.
  9538 | D:7      | Killed Duvessa
  9770 | D:7      | Noticed Crazy Yiuf
  9780 | D:7      | Killed Crazy Yiuf
  9841 | D:8      | Reached skill level 4 in Armour
  9975 | D:8      | Reached ***** piety under Cheibriados
  9975 | D:8      | Reached skill level 4 in Invocations
 10332 | D:9      | Noticed Monsterracer's ghost (journeyman GrEE)
 10334 | D:9      | You fall through a shaft for 3 floors!
 10334 | D:12     | Found Afucouv's Armour Boutique.
 10401 | D:12     | Learned a level 3 spell: Teleport Other
 10426 | D:12     | Reached skill level 11 in Maces & Flails
 10654 | D:9      | Got a crystal shortbow
 10864 | D:6      | Identified the +4 shortbow of Rirghit {freeze, rElec MR- Dex+6} (You found it on level 9 of the Dungeon)
 10911 | D:6      | Found a shattered altar of Ashenzari.
 11029 | D:9      | Killed Monsterracer's ghost
 11029 | D:9      | Reached skill level 5 in Armour
 11029 | D:9      | Reached skill level 5 in Invocations
 11264 | D:9      | Found a stormy altar of Qazlal.
 11266 | D:9      | Found Weexaz's Whimsical Warehouse.
 11274 | D:9      | Gorglomux: dispersal is sweet, disjunction too
 11274 | D:9      | Gorglomux: i may get thi
 11275 | D:9      | Found an ancient bone altar of Kikubaaqudgha.
 11400 | D:9      | Found a blossoming altar of Fedhas.
 11453 | D:9      | Found a white marble altar of Elyvilon.
 11464 | D:9      | Reached skill level 9 in Fighting
 11514 | D:9      | PeterMcNeter: good idea
 11623 | D:9      | Reached skill level 1 in Shields
 11624 | D:9      | Reached XP level 11. HP: 75/85 MP: 15/15
 11721 | D:9      | Noticed a two-headed ogre
 11726 | D:9      | Killed a two-headed ogre
 11726 | D:9      | Reached skill level 2 in Shields
 11798 | D:10     | Reached skill level 12 in Maces & Flails
 11798 | D:10     | Reached skill level 6 in Invocations
 12007 | D:10     | Reached skill level 6 in Armour
 12148 | D:10     | Found a staircase to the Lair.
 12507 | D:10     | Noticed an unseen horror
 12510 | D:10     | Killed an unseen horror
 12510 | D:10     | Reached ****** piety under Cheibriados
 12526 | D:10     | Gorglomux: k i need to do something, ill be back in like 5 mins
 12526 | D:10     | PeterMcNeter: kk
 12526 | D:10     | Gorglomux: k lets win this
 12534 | D:10     | Reached skill level 7 in Invocations
 12739 | D:10     | Found a staircase to the Orcish Mines.
 12927 | D:11     | Found a shattered altar of Ashenzari.
 12959 | D:11     | Noticed an unseen horror
 12974 | D:11     | Killed an unseen horror
 12974 | D:11     | Reached skill level 10 in Fighting
 13068 | D:11     | Reached XP level 12. HP: 78/93 MP: 17/17
 13315 | D:11     | Noticed a two-headed ogre
 13328 | D:11     | Killed a two-headed ogre
 13328 | D:11     | Reached skill level 7 in Armour
 13328 | D:11     | Reached skill level 8 in Invocations
 14066 | D:12     | Noticed NormalPerson7's ghost (journeyman GrCj)
 14088 | D:12     | HP: 18/94 [NormalPerson7's ghost (16)]
 14090 | D:12     | Killed NormalPerson7's ghost
 14090 | D:12     | Reached skill level 13 in Maces & Flails
 14555 | D:12     | HP: 20/95 [poisoned by a green ugly thing]
 14560 | D:12     | HP: 11/95 [poisoned by a green ugly thing]
 14565 | D:12     | HP: 7/95 [poisoned by a green ugly thing]
 14571 | D:12     | HP: 5/95 [poisoned by a green ugly thing]
 14576 | D:12     | HP: 3/95 [poisoned by a green ugly thing]
 14583 | D:12     | HP: 2/95 [poisoned by a green ugly thing]
 14589 | D:12     | HP: 1/95 [poisoned by a green ugly thing]
 14598 | D:12     | HP: 1/95 [poisoned by a green ugly thing]
 14604 | D:12     | HP: 2/95 [poisoned by a green ugly thing]
 14610 | D:12     | HP: 2/95 [poisoned by a green ugly thing]
 14616 | D:12     | HP: 3/95 [poisoned by a green ugly thing]
 15055 | D:12     | Noticed an unseen horror
 15066 | D:12     | Killed an unseen horror
 15306 | D:12     | Reached skill level 9 in Invocations
 15436 | D:12     | Reached skill level 8 in Armour
 15900 | D:13     | Noticed a seven-headed hydra
 15909 | D:13     | Noticed a vault guard
 15909 | D:13     | Killed a seven-headed hydra
 15909 | D:13     | Reached skill level 11 in Fighting
 15911 | D:13     | Noticed a vault guard
 15912 | D:13     | Noticed a vault guard
 15913 | D:13     | Noticed a vault guard
 15913 | D:13     | PeterMcNeter: hm
 15920 | D:13     | You fall through a shaft for 2 floors!
 15920 | D:15     | Entered Level 15 of the Dungeon
 16040 | D:15     | Gorglomux: k we got a problem
 16130 | D:15     | Noticed a tengu warrior
 16130 | D:15     | Noticed an unseen horror
 16131 | D:15     | Noticed Agnes
 16147 | D:15     | Killed a tengu warrior
 16147 | D:15     | Reached XP level 13. HP: 99/102 MP: 20/20
 16150 | D:15     | Killed Agnes
 16150 | D:15     | Reached skill level 14 in Maces & Flails
 16153 | D:15     | Noticed an ettin
 16153 | D:15     | Gorglomux: k we got an op weapon
 16153 | D:15     | Gorglomux: now lets survive
 16272 | D:15     | Noticed a four-headed hydra
 16273 | D:15     | PeterMcNeter: what a tense game
 16298 | D:15     | Killed a four-headed hydra
 16298 | D:15     | Reached skill level 10 in Invocations
 16309 | D:15     | Reached skill level 9 in Armour
 16369 | D:15     | Gorglomux: interesting for sure
 16477 | D:14     | Noticed Roxanne
 16522 | D:15     | Noticed a fire dragon
 16530 | D:15     | Killed a fire dragon
 16531 | D:15     | Gorglomux: XD
 17036 | D:15     | Killed an ettin
 17041 | D:14     | Found a snail-covered altar of Cheibriados.
 17049 | D:14     | You fall through a shaft!
 17126 | D:15     | Gorglomux: i can't get upstairs XD
 17225 | D:15     | PeterMcNeter: easy, then do depths first :p
 17241 | D:15     | Gorglomux: i just want to get to lair please :(
 17270 | D:15     | Found a staircase to the Depths.
 17270 | D:15     | Noticed a centaur warrior
 17277 | D:15     | Killed a centaur warrior
 17368 | D:15     | Reached skill level 12 in Fighting
 17669 | D:15     | Reached skill level 15 in Maces & Flails
 17786 | D:15     | Reached XP level 14. HP: 115/115 MP: 22/22
 17871 | D:15     | Reached skill level 1 in Staves
 17871 | D:15     | Reached skill level 1 in Charms
 17888 | D:14     | Reached skill level 3 in Translocations
 17907 | D:14     | Reached skill level 10 in Armour
 17932 | D:13     | Gorglomux: wew
 17962 | D:13     | PeterMcNeter: finally
 17971 | D:13     | Reached skill level 3 in Spellcasting
 17975 | D:13     | You fall through a shaft for 2 floors!
 18221 | D:15     | Gorglomux: well
 18221 | D:15     | Gorglomux: its safe at last
 18284 | D:14     | Reached skill level 2 in Staves
 18284 | D:14     | Reached skill level 2 in Charms
 18406 | D:13     | Gorglomux: right, im doing a little break, i have to eat
 18406 | D:13     | PeterMcNeter: alright
 18406 | D:13     | Gorglomux: i can ping you back on discord if you want when im ready
 18406 | D:13     | PeterMcNeter: sure, thanks
 18415 | D:13     | Gorglomux: why doing lair when you can be on d13
 18493 | D:13     | Gorglomux: hmm maybe ill learn statue form
 18493 | D:13     | PeterMcNeter: because it's such a nice place, it's just my favourite branch haha
 18493 | D:13     | Gorglomux: and get lerd and irradiate
 18500 | D:13     | Learned a level 6 spell: Statue Form
 18501 | D:13     | Gorglomux: meh got orange cpa
 18501 | D:13     | Gorglomux: forgot that
 18501 | D:13     | PeterMcNeter: irradiate is nice
 18583 | D:13     | Found a runed door.
 18610 | D:13     | Reached skill level 4 in Spellcasting
 18610 | D:13     | Reached skill level 3 in Charms
 18630 | D:13     | Reached skill level 3 in Staves
 18630 | D:13     | Reached skill level 4 in Translocations
 18864 | D:13     | Found a gate to the Vaults.
 19480 | D:13     | Reached skill level 4 in Charms
 19510 | D:13     | Reached skill level 4 in Staves
 19578 | D:13     | Reached skill level 5 in Spellcasting
 19578 | D:13     | Reached XP level 15. HP: 116/122 MP: 23/23
 19585 | D:13     | HP: 28/122 [??? (26)]
 19987 | D:13     | Got a heavily runed turquoise ring
 19989 | D:13     | Identified the ring of Ehomecuud {rPois AC+3} (You found it on level 13 of the Dungeon)
 20063 | D:13     | HP: 28/122 [death knight/broad axe of chopping (7)]
 20186 | D:13     | Reached skill level 5 in Translocations
 20514 | D:14     | Reached skill level 11 in Armour
 20514 | D:14     | Reached skill level 2 in Dodging
 20607 | D:14     | Reached skill level 13 in Fighting
 20673 | D:14     | Reached skill level 5 in Staves
 20976 | D:14     | Reached skill level 3 in Dodging
 21293 | D:14     | Noticed Josephine
 21303 | D:14     | Killed Josephine
 21591 | Orc:1    | Entered Level 1 of the Orcish Mines
 22153 | Orc:1    | Reached skill level 4 in Dodging
 22583 | Orc:2    | Entered Level 2 of the Orcish Mines
 22843 | Orc:2    | Found a staircase to the Elven Halls.
 22853 | Orc:2    | Found a roughly hewn altar of Beogh.
 22912 | Orc:2    | Gorglomux: killholes are the best way to clear orc on every chars
 22912 | Orc:2    | Gorglomux: except maybe ninjas
 22957 | Orc:2    | Reached skill level 6 in Staves
 23068 | Orc:2    | Reached skill level 12 in Armour
 23249 | Orc:2    | Found Xepiuz's Distillery.
 23249 | Orc:2    | Found Qes Furgh's Assorted Antiques.
 23251 | Orc:2    | Found Igestue's Antique Weapon Shop.
 23251 | Orc:2    | Found Fugel's Book Shoppe.
 23257 | Orc:2    | Bought a potion of heal wounds for 55 gold pieces
 23257 | Orc:2    | Bought a potion of lignification for 33 gold pieces
 23260 | Orc:2    | Bought a book of Battle for 600 gold pieces
 23262 | Orc:2    | Bought a scroll labeled NIKHLI TUPRYASOEPH for 24 gold pieces
 23262 | Orc:2    | Bought a potion of might for 96 gold pieces
 23262 | Orc:2    | Bought 2 potions of heal wounds for 240 gold pieces
 23262 | Orc:2    | Bought a scroll of amnesia for 84 gold pieces
 23268 | Orc:2    | Learned a level 2 spell: Song of Slaying
 23272 | Orc:2    | Learned a level 3 spell: Regeneration
 23456 | Orc:2    | Reached XP level 16. HP: 132/132 MP: 24/24
 23588 | Orc:2    | Found a bloodstained altar of Trog.
 23659 | Elf:1    | Entered Level 1 of the Elven Halls
 23677 | Orc:2    | Reached skill level 5 in Dodging
 23846 | Elf:1    | Reached skill level 14 in Fighting
 23934 | Elf:1    | PeterMcNeter: do you really want to do elven halls before lair sub branches?
 23942 | Elf:1    | Gorglomux: lairN
 23942 | Elf:1    | Gorglomux: N
 23942 | Elf:1    | Gorglomux: ?
 23942 | Elf:1    | Gorglomux: nah i cant get to lair
 23942 | Orc:1    | PeterMcNeter: like swamp or shoals
 23942 | D:10     | Gorglomux: look its excluded
 23965 | Elf:1    | PeterMcNeter: oh
 23978 | Elf:1    | Noticed Asterion
 23990 | Elf:1    | HP: 14/133 [disintegration[Asterion] (31)]
 23991 | Elf:1    | Killed from afar by Asterion

Vault maps used:
D:1:      dpeg_arrival_another_circle, minmay_fountain_box, st_stairs_6
D:2:      zin_academy, first_bread, chequers_ecumenical_altar_grove,
          guppyfry_early_orc_mine
D:3:      kennysheep_slug_shrine, lemuel_coloured_pillars_altar
D:5:      overflow_temple_1_default, kennysheep_generic_room_2
D:6:      lemuel_upstairs_altar, serial_shops, shop, minivault_5
D:7:      nicolae_overflow_hidden_temple, vehumet_altar_wand_db,
          minmay_temple_entry_junction, uniq_menkaure, uniq_duvessa,
          uniq_crazy_yiuf_cottage
D:9:      overflow_temple_1_default, kennysheep_little_box, basic_altar,
          grunt_livestock, nicolae_alphabet_shops, minmay_misc_feat_cross,
          nicolae_qazlal_general_emergency
D:10:     lair_entry_dummy, erik_orc_2
D:11:     nicolae_ashenzari_panopticon
D:12:     serial_shops, shop_fountains
D:13:     mludivico_vault, erik_vaults_2
D:14:     basic_altar, uniq_roxanne, uniq_josephine
D:15:     hangedman_depths_entry_civil_slaughter, corexii_leaking_fountain,
          uniq_agnes
Orc:1:    lemuel_ogre_cave
Orc:2:    grunt_orc_tribal_feast, basic_altar, abandoned_shop, trog_book
Elf:1:    eino_elf_arrival_sip, minmay_elf_demonology, minmay_elf_sorcery,
          minmay_shoptagon, uniq_azrael, uniq_asterion

Skill      XL: |  1  2  3  4  5  6  7  8  9 10 11 12 13 14 15 16 |
---------------+-------------------------------------------------+-----
Maces & Flails | 3 4 6 7 8 10 11 12 13 15 | 15.0
Fighting       | 3 4 5 6 8 9 10 11 12 13 14 | 14.0
Invocations    | 3 5 7 9 10 | 10.7
Armour         | 3 5 6 8 9 10 12 | 12.2
Shields        | 1 2 |  2.6
Staves         | 4 6 |  6.8
Charms         | 4 |  4.6
Translocations | 4 5 |  5.0
Spellcasting   | 5 |  5.3
Dodging        | 4 5 |  5.1
Throwing       | |  1.0

Action                   |  1- 3 |  4- 6 |  7- 9 | 10-12 | 13-15 | 16-18 || total
-------------------------+-------+-------+-------+-------+-------+-------++-------
Melee: Mace              |   104 |       |       |       |       |       ||   104
       Whip              |       |   351 |   512 |   203 |       |       ||  1066
       Morningstar       |       |       |       |   556 |    28 |       ||   584
       Lajatang          |       |       |       |       |  1028 |    47 ||  1075
 Fire: Shortbow          |       |       |       |    29 |       |       ||    29
Throw: Tomahawk          |     1 |       |    22 |    57 |    66 |     2 ||   148
 Cast: Shroud of Golubri |     2 |       |     8 |     3 |     1 |       ||    14
       Song of Slaying   |       |       |       |       |       |     1 ||     1
Invok: Slouch            |       |       |       |     6 |     9 |     3 ||    18
       Step From Time    |       |       |       |     1 |       |       ||     1
 Abil: Dig               |     2 |     8 |    15 |    24 |    34 |     6 ||    89
       Shaft Self        |       |       |     1 |     2 |     2 |       ||     5
Evoke: Wand              |       |       |     1 |    13 |       |       ||    14
       Phantom mirror    |       |       |       |     1 |       |       ||     1
  Use: Scroll            |       |     7 |     1 |    11 |     8 |       ||    27
       Potion            |       |     2 |     1 |     1 |     2 |       ||     6
 Stab: Confused          |       |       |     1 |     1 |       |       ||     2
       Petrified         |       |       |       |       |     2 |       ||     2
  Eat: Chunk             |     2 |    10 |    10 |    14 |    20 |     1 ||    57
       Meat ration       |       |     1 |       |       |     1 |       ||     2
       Royal jelly       |       |       |       |     4 |     5 |       ||     9
Armor: Leather armour    |    31 |    57 |    45 |       |       |       ||   133
       Ring mail         |       |       |    41 |   126 |       |       ||   167
       Crystal plate arm |       |       |       |   362 |   655 |    73 ||  1090
Dodge: Dodged            |    78 |   187 |   213 |   285 |   252 |    19 ||  1034
Block: Buckler           |       |       |       |       |   196 |    13 ||   209

Vault maps used:
D:1:      dpeg_arrival_another_circle, minmay_fountain_box, st_stairs_6
D:2:      zin_academy, first_bread, chequers_ecumenical_altar_grove,
          guppyfry_early_orc_mine
D:3:      kennysheep_slug_shrine, lemuel_coloured_pillars_altar
D:5:      overflow_temple_1_default, kennysheep_generic_room_2
D:6:      lemuel_upstairs_altar, serial_shops, shop, minivault_5
D:7:      nicolae_overflow_hidden_temple, vehumet_altar_wand_db,
          minmay_temple_entry_junction, uniq_menkaure, uniq_duvessa,
          uniq_crazy_yiuf_cottage
D:9:      overflow_temple_1_default, kennysheep_little_box, basic_altar,
          grunt_livestock, nicolae_alphabet_shops, minmay_misc_feat_cross,
          nicolae_qazlal_general_emergency
D:10:     lair_entry_dummy, erik_orc_2
D:11:     nicolae_ashenzari_panopticon
D:12:     serial_shops, shop_fountains
D:13:     mludivico_vault, erik_vaults_2
D:14:     basic_altar, uniq_roxanne, uniq_josephine
D:15:     hangedman_depths_entry_civil_slaughter, corexii_leaking_fountain,
          uniq_agnes
Orc:1:    lemuel_ogre_cave
Orc:2:    grunt_orc_tribal_feast, basic_altar, abandoned_shop, trog_book
Elf:1:    eino_elf_arrival_sip, minmay_elf_demonology, minmay_elf_sorcery,
          minmay_shoptagon, uniq_azrael, uniq_asterion

Table legend:
 A = Turns spent in this place as a percentage of turns spent in the entire game.
 B = Non-inter-level travel turns spent in this place as a percentage of non-inter-level travel turns spent in the entire game.
 C = Inter-level travel turns spent in this place as a percentage of turns spent in this place.
 D = Turns resting spent in this place as a percentage of non-inter-level travel turns spent in this place.
 E = Turns spent auto-exploring this place as a percentage of non-inter-level travel turns spent in this place.
 F = Non-inter-level travel turns spent in this place divided by the number of levels of this place that you've seen.
                   A       B       C       D       E      F
               +-------+-------+-------+-------+-------+----------------------
         Total | 100.0 | 100.0 |   0.4 |   2.9 |   5.8 | 504.4
       Dungeon |  88.2 |  88.2 |   0.4 |   3.2 |   6.1 | 533.9
  Orcish Mines |  10.4 |  10.4 |   0.2 |   0.4 |   4.2 | 472.5
   Elven Halls |   1.4 |   1.4 |   0.0 |   1.6 |   0.0 | 127.0
               +-------+-------+-------+-------+-------+----------------------

Table legend:
 A = Kills in this place as a percentage of kills in entire the game.
 B = Kills by you in this place as a percentage of kills by you in the entire game.
 C = Kills by friends in this place as a percentage of kills by friends in the entire game.
 D = Other kills in this place as a percentage of other kills in the entire game.
 E = Experience gained in this place as a percentage of experience gained in the entire game.
 F = Experience gained in this place divided by the number of levels of this place that you have seen.
                   A       B       C       D       E      F
               +-------+-------+-------+-------+-------+----------------------
         Total | 100.0 | 100.0 |  -nan | 100.0 | 100.0 | 6314.2
       Dungeon |  80.7 |  80.7 |  -nan | 100.0 |  81.6 | 6181.8
  Orcish Mines |  18.3 |  18.3 |  -nan |   0.0 |  15.8 | 8984.5
   Elven Halls |   1.0 |   1.0 |  -nan |   0.0 |   2.6 | 2959.0
               +-------+-------+-------+-------+-------+----------------------
